 Dungeon Crawl Stone Soup version 0.23.1-41-g7e51ed3 (console) character file.

Game seed: 10925229168829754159

618 fly the Slasher (level 7, -6/52 HPs)
             Began as a Demonspawn Fighter on Mar 30, 2019.
             Killed by nerve-wracking pain
             ... invoked by Menkaure
              (14 damage)
             ... on level 5 of the Dungeon.
             The game lasted 00:06:19 (3448 turns).

fly the Slasher (Demonspawn Fighter)                Turns: 3448, Time: 00:06:20

Health: -6/52      AC: 12    Str: 16    XL:     7   Next: 21%
Magic:  7/7        EV:  4    Int:  9    God:
Gold:   257        SH:  9    Dex: 15    Spells: 6/6 levels left

rFire    . . .     SeeInvis .   a - +0 long sword
rCold    . . .     Gourm    .   v - +0 shield
rNeg     . . .     Faith    .   y - +0 chain mail
rPois    .         Spirit   .   e - +2 hat
rElec    .         Reflect  .   q - +0 cloak
rCorr    .         Harm     .   (no gloves)
MR       +....                  (no boots)
Stlth    ..........             (no amulet)
HPRegen  0.17/turn              x - ring of protection from magic
MPRegen  0.10/turn              (no ring)

@: lethally poisoned (-6 -> -7)
A: claws 1, hooves 1, horns 1, spiny 2
a: no special abilities


You were on level 5 of the Dungeon.
You were hungry.

You visited 1 branch of the dungeon, and saw 5 of its levels.

You collected 257 gold pieces.

Inventory:

Hand Weapons
 a - a +0 long sword (weapon)
 b - a +1 dagger of venom
Armour
 e - a +2 hat (worn)
 q - a +0 cloak (worn)
 v - a +0 shield (worn)
 y - a +0 chain mail (worn)
Jewellery
 x - a ring of protection from magic (left claw)
Wands
 u - a wand of random effects (23)
Scrolls
 g - 3 scrolls of blinking {unknown}
 i - a scroll of fog {unknown}
 j - 14 scrolls of identify
 m - 2 scrolls of teleportation {unknown}
 o - a scroll of remove curse {unknown}
 r - 3 scrolls of enchant weapon {unknown}
 t - a scroll of enchant armour {unknown}
 w - 2 scrolls of amnesia {unknown}
 z - a scroll of fear {unknown}
Potions
 c - a potion of ambrosia {unknown}
 d - a potion of might
 h - 2 potions of curing {unknown}
 k - 3 potions of haste
 l - 3 potions of agility {unknown}
 n - 2 potions of degeneration {unknown}
 p - 2 potions of cancellation {unknown}
 s - a potion of magic {unknown}
Comestibles
 f - 7 rations


   Skills:
 - Level 3.0 Fighting
 * Level 5.3 Long Blades
 + Level 4.4 Armour
 + Level 4.4 Shields


You had 6 spell levels left.
You didn't know any spells.
Your spell library was empty.

Dungeon Overview and Level Annotations

Branches:
Dungeon (5/15)
 Temple: D:4-7

Altars:

Shops:
D:5 (

Annotations:
D:3 Ijyb
D:5 Menkaure


Innate Abilities, Weirdness & Mutations

You have sharp fingernails.
You have large cloven feet.
You have a pair of small horns on your head.
You are mostly covered in sharp spines.


Message History

Menkaure hits you!
Your chain mail prevents you from hitting Menkaure.
You feel sick.
Menkaure calls on the powers of darkness!
Your body is wracked with pain!
You block Menkaure's attack.
You hit Menkaure but do no damage. You kick Menkaure, but do no damage.
You headbutt Menkaure.
Menkaure is lightly damaged.
You block Menkaure's attack.
Okay, then.
Menkaure points at you and mumbles some strange words.
Pain shoots through your body!
* * * LOW HITPOINT WARNING * * *
As you read the scroll labeled MER CEYSIRGH, it crumbles to dust.
It is a scroll of identify.
k - 3 potions of haste You feel sick.
Menkaure casts a spell at you. Pain shoots through your body!
You die...

#.# ###.#..⌠.⌠.#
#.# ###.8.8.8#
#.## #.######
#.## #..# #.# #
.....##.########
#.# #
#(........... #.#
# #.##.#######.
#.# .
#.##.#######.##.#
#
#..%.@.....?.....
. #..#.#M#####.
##. .....#.#.# .
)...........#
#......#.#..#
##..........#
######.#....
#.....## # ##..#


You could see Menkaure.

Vanquished Creatures
  An ogre (D:4)
  A phantom (D:4)
  An orc priest (D:5)
  A hound (D:4)
  4 orc wizards
  An iguana (D:4)
  2 worker ants
  A hound skeleton (D:4)
  10 adders
  An ooze (D:2)
  A dart slug (D:3)
  11 leopard geckos
  10 orcs
  A ball python (D:2)
  11 bats
  6 giant cockroaches
  6 goblins
  6 hobgoblins
  A quokka (D:2)
  8 frilled lizards
  A jackal zombie (D:5)
  7 kobolds
  A quokka skeleton (D:4)
  5 rats
98 creatures vanquished.

Notes
Turn   | Place    | Note
-------+----------+-------------------------------------------
     0 | D:1      | fly the Demonspawn Fighter began the quest for the Orb.
     0 | D:1      | Reached XP level 1. HP: 18/18 MP: 1/1
    24 | D:1      | Reached skill level 2 in Long Blades
   118 | D:1      | Gained mutation: You have large cloven feet. [demonic
                  | ancestry]
   118 | D:1      | Reached XP level 2. HP: 22/24 MP: 2/2
   918 | D:2      | Gained mutation: You are partially covered in sharp spines.
                  | [demonic ancestry]
   918 | D:2      | Reached XP level 3. HP: 28/29 MP: 3/3
  1025 | D:2      | Reached skill level 3 in Long Blades
  1180 | D:2      | Reached XP level 4. HP: 28/35 MP: 4/4
  1835 | D:3      | Noticed Ijyb
  2167 | D:3      | Gained mutation: You have a pair of small horns on your
                  | head. [demonic ancestry]
  2167 | D:3      | Reached XP level 5. HP: 37/41 MP: 5/5
  2445 | D:4      | Noticed an ogre
  2548 | D:4      | Reached skill level 4 in Long Blades
  2773 | D:4      | Killed an ogre
  2773 | D:4      | Gained mutation: You are mostly covered in sharp spines.
                  | [demonic ancestry]
  2773 | D:4      | Reached XP level 6. HP: 19/47 MP: 6/6
  3159 | D:4      | Reached skill level 5 in Long Blades
  3314 | D:5      | Entered Level 5 of the Dungeon
  3329 | D:5      | Gained mutation: You have sharp fingernails. [demonic
                  | ancestry]
  3329 | D:5      | Reached XP level 7. HP: 52/52 MP: 7/7
  3395 | D:5      | Found Pocupp's Antique Weapon Shoppe.
  3437 | D:5      | Noticed Menkaure
  3448 | D:5      | Killed from afar by Menkaure

Skill      XL: |  1  2  3  4  5  6 |
---------------+-------------------+-----
Long Blades    | 2 3 4 5 |  5.3
Armour         | 3 4 |  4.4
Shields        | 3 4 |  4.4
Fighting       | |  3.0

Action                   |  1- 3 |  4- 6 |  7- 9 || total
-------------------------+-------+-------+-------++-------
Melee: Long sword        |    99 |   146 |    15 ||   260
       Kick              |    20 |    41 |     3 ||    64
       Unarmed           |       |     4 |       ||     4
       Headbutt          |       |    11 |     5 ||    16
  Use: Scroll            |       |       |     1 ||     1
  Eat: Chunk             |     1 |     7 |       ||     8
Armor: Scale mail        |    43 |       |       ||    43
       Chain mail        |    19 |    68 |     6 ||    93
Dodge: Dodged            |    32 |    15 |     1 ||    48
Block: Shield            |    64 |    90 |     5 ||   159
       Rpst.: Long sword |     9 |     7 |     1 ||    17
